 Dungeon Crawl Stone Soup version 0.25.1-2-g60ff931df9 (webtiles) character file.

Game seed: 8917032474415741609

423820 Curus the Conqueror (level 22, -37/233 HPs)
             Began as a Minotaur Fighter on Oct 18, 2020.
             Was the Champion of Trog.
             Annihilated by a juggernaut (66 damage)
             ... on level 2 of the Depths on Oct 19, 2020.
             The game lasted 06:08:28 (53939 turns).

Curus the Conqueror (Minotaur Fighter)             Turns: 53939, Time: 06:08:29

Health: -37/233    AC: 49    Str: 23    XL:     22   Next: 70%
Magic:  23/23      EV: 13    Int: 15    God:    Trog [******]
Gold:   249        SH: 17    Dex: 21    Spells: 21/21 levels left

rFire    + + .     SeeInvis +   A - +4 demon whip (flame)
rCold    + + .     Gourm    .   q - +2 shield of Resistance {rF+ rC+ MR+}
rNeg     . . .     Faith    .   J - +8 orange crystal plate armour {Archmagi, Int+3 Clar}
rPois    +         Spirit   .   a - +2 hat
rElec    .         Reflect  .   s - scarf {rC+ rF+}
rCorr    +         Harm     .   x - +2 pair of gloves {Dex+3}
MR       ++...     Clarity  +   u - +2 pair of boots
Stlth    ..........             O - amulet of Yhasic {rPois Regen+ Int+5 Stlth+}
HPRegen  0.88/turn              S - ring of resist corrosion
MPRegen  0.18/turn              h - ring of see invisible

@: mighty, studying 2 skills, silenced
A: retaliatory headbutt, hooves 1, horns 2, thin skeletal structure 1,
deterioration 1, low mp 1
}: 2/15 runes: serpentine, barnacled
a: Renounce Religion


You were on level 2 of the Depths.
You worshipped Trog.
Trog was exalted by your worship.
You were very hungry.

You visited 7 branches of the dungeon, and saw 39 of its levels.
You visited 1 bazaar.
You also visited: Sewer, Ice Cave and Volcano.

You collected 5064 gold pieces.
You spent 4815 gold pieces at shops.

Inventory:

Hand Weapons
 e - a +5 antimagic eveningstar
 o - a +4 demon whip of venom
 A - a +4 demon whip of flaming (weapon)
 V - a +2 vorpal eveningstar
Armour
 a - a +2 hat (worn)
 j - +2 storm dragon scales
 q - the +2 shield of Resistance (worn) {rF+ rC+ MR+}
   (You bought it in a shop in a bazaar)

   It protects you from fire.
   It protects you from cold.
   It affects your resistance to hostile enchantments.
 s - a scarf of resistance (worn)
 u - a +2 pair of boots (worn)
 x - a +2 pair of gloves of dexterity (worn)
 D - a +3 plate armour of fire resistance
 J - the +8 orange crystal plate armour (worn) {Archmagi, Int+3 Clar}
   (You found it in an ice cave)

   It affects your intelligence (+3).
   It protects you against confusion.
Jewellery
 h - a ring of see invisible (right hand)
 k - an uncursed ring of protection from fire
 w - an uncursed ring of flight
 C - an uncursed ring of protection from magic
 E - an uncursed ring of poison resistance
 G - an uncursed ring of protection from cold
 O - the amulet of Yhasic (around neck) {rPois Regen+ Int+5 Stlth+}
   (You took it off a draconian shifter on level 1 of the Depths)

   [amulet of regeneration]

   It affects your intelligence (+5).
   It protects you from poison.
   It increases your rate of regeneration.
   It makes you more stealthy.
 P - the ring of Qawapn {*Contam +Blink rF++ rC+ Stlth+}
   (You found it on level 4 of the Shoals)

   [ring of stealth]

   It greatly protects you from fire.
   It protects you from cold.
   It lets you blink.
   It causes magical contamination when unequipped.
   It makes you more stealthy.
 S - a ring of resist corrosion (left hand)
 U - an uncursed amulet of regeneration
 W - an uncursed amulet of reflection
 Y - an uncursed ring of protection from fire
Wands
 r - a wand of polymorph (19)
 y - a wand of flame (44)
 B - a wand of digging (7)
 H - a wand of iceblast (11)
 I - a wand of clouds (9)
 L - a wand of paralysis (16)
 R - a wand of disintegration (33)
 T - a wand of acid (26)
Scrolls
 c - 3 scrolls of fog
 i - 29 scrolls of teleportation
 l - 31 scrolls of identify
 n - 3 scrolls of blinking
 t - 12 scrolls of magic mapping
 v - 15 scrolls of remove curse
 F - 5 scrolls of fear
 K - 2 scrolls of enchant weapon
 Q - a scroll of silence
Potions
 b - 5 potions of resistance
 d - 6 potions of might
 g - 16 potions of curing
 m - 12 potions of flight
 z - 7 potions of haste
 N - 9 potions of heal wounds
 X - a potion of ambrosia
 Z - 5 potions of cancellation
Books
 p - a manual of Dodging
 M - a manual of Shields
Comestibles
 f - 38 rations


   Skills:
 O Level 27 Fighting
 + Level 17.2 Maces & Flails
 O Level 27 Armour
 + Level 9.9 Dodging
 - Level 15.0 Shields
 - Level 7.0 Evocations


You had 21 spell levels left.
You didn't know any spells.
Your spell library was empty.

Dungeon Overview and Level Annotations

Branches:
Dungeon (15/15)            Temple (0/1) D:4            Lair (6/6) D:11
 Shoals (4/4) Lair:4        Snake (4/4) Lair:4        Slime (0/5) Lair:6
    Orc (2/2) D:12            Elf (0/3) Orc:2        Vaults (4/5) D:13
  Crypt (0/3) Vaults:3     Depths (4/5) D:15          Sewer (visited)
  IceCv (visited)         Volcano (visited)

Altars:
Ashenzari
Cheibriados
Elyvilon
Hepliaklqana
Kikubaaqudgha
Nemelex Xobeh
Ru
Trog
Xom
Yredelemnul
Zin
Beogh

Shops:
D:8 (   D:9 *}*!   D:11 %   Orc:2 *([=   Shoals:1 (!?(   Shoals:3 *}
Snake:2 (   Vaults:3 %   Vaults:4 (!   Depths:1 *   Depths:4 (

Portals:
Hell: Depths:1 Depths:2 Depths:4
Abyss: Depths:4
Ziggurat: Depths:2

Annotations:
Depths:2 , 3 runed translucent doors, 1 transporter, Saltbearer's ghost, veteran SpVM
Depths:3 1 runed translucent door
Depths:4 Sojobo


Innate Abilities, Weirdness & Mutations

You reflexively headbutt those who attack you in melee.
You have a pair of horns on your head.
You have large cloven feet.
You have a somewhat thin skeletal structure. (Dex +2, Stealth)
Your body sometimes deteriorates upon taking damage.
Your magical capacity is low. (-10% MP)


Message History

The spriggan berserker is moderately wounded.
You whack the spriggan berserker! You burn the spriggan berserker.
The spriggan berserker is heavily wounded.
You closely miss the spriggan berserker.
You headbutt the spriggan berserker!
The spriggan berserker is severely wounded.
You feel very mighty all of a sudden. The juggernaut hits you!!!!
* * * LOW HITPOINT WARNING * * *
You block the juggernaut's attack. You block the ettin's attack.
The ettin hits you but does no damage.
Okay, then.
You block the ettin's attack. The ettin closely misses you.
You block the deep troll's attack. x3
The ettin rages.
Found a polished battleaxe and a wand of polymorph (4).
You open the large door.
You block the spriggan berserker's attack.
The juggernaut hits you!!!
You die...

#.# #.# ###### #.# #° #.#
#....# #.# ### #.###.##.#
#.# ...## #...).##.# ..###
. ...## #.######.# #.#y#
.⌠ #...######.# #.# #.####
... ...#y#....# #.#
#....##...$. ###''###....#
#.#
#....##..)):###.@.##.....#
#.#
#...©##..([_+W#CCi##©....#
#.# #....##..$/)
##.T.##.....# #..
#....##.....####''###....#
### ..####
....#y#...#y#....# .(#y#
.⌠..###...######.# ..### .
......## #.# ..# .......##
#.# ^.# ######### #.#


You could see a juggernaut (berserk), an ettin (berserk), a deep troll
(berserk), a spriggan berserker, a moth of wrath and a silent spectre
(silencing).

Vanquished Creatures
  Mara (Depths:1)
  An ancient lich (Depths:1)
  A juggernaut (Depths:3)
  Saint Roka (Snake:3)
  Xtahua (Vaults:3)
  Nikola (Snake:3)
  Jorgrun (D:13)
  2 liches
  A tentacled monstrosity (Vaults:3)
  An ancient champion (Vaults:3)
  3 sphinxes
  Polyphemus (Shoals:3)
  2 storm dragons
  2 tengu reavers
  Roxanne (Shoals:1)
  A shadow dragon (Vaults:4)
  13 nagarajas
  Ilsuiw (Shoals:2)
  A deep elf sorcerer (Depths:1)
  8 vault wardens
  2 fire giants
  5 frost giants
  Louise (Shoals:1)
  A curse skull (Depths:1)
  9 ironheart preservers
  2 draconian shifters (Depths:1)
  2 draconian annihilators (Depths:1)
  24 stone giants
  A spriggan defender (Depths:3)
  A vampire knight (Depths:2)
  13 very ugly things
  An entropy weaver (Vaults:3)
  Azrael (D:13)
  2 deep elf demonologists (Depths:1)
  2 dire elephants
  6 spark wasps
  6 merfolk javelineers
  Snorg (D:11)
  6 ettins
  11 merfolk impalers
  6 jiangshi
  17 ogre magi
  Erolcha (Orc:1)
  8 yaktaur captains
  3 great orbs of eyes
  3 fire dragons
  11 vault guards
  6 ice dragons
  8 hydras
  16 naga warriors
  5 rakshasas
  9 anacondas
  A spriggan air mage (Depths:1)
  12 centaur warriors
  A catoblepas (Shoals:3)
  A death knight (Vaults:1)
  4 merfolk aquamancers
  41 two-headed ogres
  3 merfolk avatars
  Urug (Lair:2)
  4 deep troll shamans
  11 death yaks
  3 vampire magi
  7 tengu warriors
  16 naga sharpshooters
  6 shock serpents
  9 deep troll earth magi
  A shock serpent (shapeshifter) (Vaults:4)
  An orc high priest (Orc:2)
  5 soul eaters (Depths:1)
  Sonja (Orc:1)
  2 shadow wraiths
  4 deep elf knights
  15 sea snakes
  An iron troll (Depths:1)
  A glowing orange brain (Vaults:1)
  3 hell knights (Depths:1)
  6 salamander mystics
  A quicksilver dragon simulacrum (Depths:1)
  2 unseen horrors
  24 deep trolls
  7 wizards
  A deep troll (shapeshifter) (Depths:2)
  10 naga ritualists
  A lindwurm (Lair:4)
  3 flayed ghosts
  5 deep elf archers
  10 orc knights
  A phantasmal warrior (Vaults:2)
  A golden dragon skeleton (Depths:3)
  A sphinx zombie (Depths:3)
  6 deep elf magi
  16 ironbrand convokers
  11 harpies
  13 necromancers
  11 mana vipers
  3 orc sorcerers
  5 wolf spiders
  A faun (shapeshifter) (Vaults:4)
  45 ugly things
  9 manticores
  4 fauns
  A human zombie (Vaults:2)
  9 cyclopes
  A shining eye (shapeshifter) (Vaults:4)
  19 salamanders
  3 oklob plants
  6 elephants
  4 centaur zombies
  2 moths of wrath (shapeshifter)
  A torpor snail (Lair:4)
  44 black mambas
  A stone giant skeleton (Depths:1)
  4 water nymphs
  11 merfolk sirens
  A frost giant skeleton (Depths:3)
  A rust devil (Depths:2)
  7 guardian serpents
  12 vault sentinels
  3 ice statues (IceCv)
  22 naga magi
  Maggie (D:9)
  16 spiny frogs
  3 centaur skeletons
  3 gargoyles
  8 komodo dragons
  4 rime drakes
  An efreet (Volcano)
  A spriggan zombie (Depths:3)
  2 komodo dragons (shapeshifter)
  50 yaktaurs
  6 freezing wraiths
  A yaktaur skeleton (Vaults:2)
  19 merfolk
  2 tengu conjurers
  A queen bee (Depths:3)
  A jumping spider (Vaults:3)
  5 polar bears (Lair:6)
  4 trolls
  A queen bee (shapeshifter) (Vaults:4)
  3 meliai (D:13)
  A jumping spider (shapeshifter) (Vaults:2)
  6 wind drakes
  A harpy skeleton (D:15)
  9 hornets
  An ettin zombie (Vaults:1)
  A fire giant simulacrum (Vaults:3)
  14 snapping turtles
  10 slime creatures
  20 blink frogs
  12 hippogriffs
  8 dream sheep
  2 redbacks (Vaults:3)
  A centaur simulacrum (D:14)
  2 spriggans (shapeshifter)
  31 yaks
  A tarantella (Vaults:3)
  11 spriggans
  A tarantella (shapeshifter) (Depths:1)
  16 water elementals
  A shadow (D:13)
  A human (shapeshifter) (Vaults:2)
  8 wraiths
  An ice dragon skeleton (Depths:1)
  A basilisk (Lair:1)
  4 wyverns
  2 hogs (shapeshifter) (Vaults:4)
  4 fire elementals
  A hungry ghost (D:10)
  6 vampire mosquitoes
  Menkaure (D:4)
  8 wargs
  68 nagas
  6 hell hounds (D:13)
  12 water moccasins
  A floating eye (Depths:4)
  An ogre skeleton (Vaults:1)
  12 porcupines
  12 ice beasts
  52 orc warriors
  The ghost of sfoobar the Skirmisher, an amateur HOFi (D:3)
  4 black bears
  35 ogres
  A sky beast (D:12)
  A necrophage (D:4)
  2 phantoms
  An eye of draining (D:12)
  10 boggarts
  32 wolves
  22 centaurs
  8 crocodiles
  An orc skeleton (Vaults:1)
  A big kobold (D:13)
  An earth elemental (Volcano)
  23 bullfrogs
  A gnoll sergeant (D:7)
  2 human skeletons (Vaults:2)
  4 scorpions
  26 killer bees
  4 wights (D:13)
  2 howler monkeys
  8 electric eels
  3 vampire bats (Lair:1)
  5 lava snakes (Snake:3)
  12 crimson imps
  A bullfrog zombie (D:5)
  3 hounds
  A human simulacrum (Vaults:2)
  2 jellies (D:6)
  A quasit (D:7)
  A yaktaur simulacrum (Vaults:1)
  14 orc priests
  3 bullfrog skeletons
  3 iguanas
  29 orc wizards
  8 worker ants
  2 hound skeletons
  A howler monkey zombie (D:9)
  A worker ant zombie (D:11)
  6 gnolls
  13 adders
  2 shadow imps
  12 white imps (D:11)
  7 oozes
  2 adder skeletons
  7 worms
  2 dart slugs
  7 leopard geckos
  114 orcs
  3 giant cockroaches
  3 goblins (D:2)
  3 hobgoblins
  11 jackals
  8 kobolds
  2 quokkas
  6 ball pythons
  20 bats
  7 frilled lizards
  15 rats
  A butterfly (Lair:4)
  A plant (D:11)
1751 creatures vanquished.

Vanquished Creatures (collateral kills)
  A spriggan berserker (Depths:4)
  An orc knight (Orc:1)
  An ogre (Orc:1)
  An ufetubus (Depths:4)
  3 orcs (Orc:1)
7 creatures vanquished.

Vanquished Creatures (others)
  A nagaraja (Snake:4)
  A naga ritualist (Snake:3)
  A mana viper (Snake:3)
  A salamander (Snake:3)
  A black mamba (Snake:2)
  A troll (D:15)
  2 merfolk
  A human (Depths:1)
  A worker ant (D:14)
  A kobold (D:13)
  14 fungi (Lair:4)
  13 plants
  8 toadstools (Lair:4)
46 creatures vanquished.

Grand Total: 1804 creatures vanquished

Notes
Turn   | Place    | Note
-------+----------+-------------------------------------------
     0 | D:1      | Curus the Minotaur Fighter began the quest for the Orb.
     0 | D:1      | Reached XP level 1. HP: 19/19 MP: 0/0
   324 | D:1      | Reached XP level 2. HP: 23/26 MP: 1/1
   742 | D:2      | Reached XP level 3. HP: 31/31 MP: 2/2
  1018 | D:2      | Gained mutation: Your magical capacity is low. (-10% MP)
                  | [potion of mutation]
  1018 | D:2      | Gained mutation: You have a somewhat thin skeletal
                  | structure. (Dex +2, Stealth) [potion of mutation]
  1443 | D:2      | Reached skill level 5 in Maces & Flails
  1668 | D:3      | Found a runed translucent door.
  1670 | D:3      | Noticed sfoobar's ghost (amateur HOFi)
  1692 | D:3      | Found a white marble altar of Elyvilon.
  1751 | D:3      | Found a bloodstained altar of Trog.
  1763 | D:3      | Became a worshipper of Trog the Wrathful
  2064 | D:3      | Found a hazy altar of Hepliaklqana.
  2209 | D:3      | Reached XP level 4. HP: 38/39 MP: 2/2
  2626 | D:4      | Noticed a necrophage
  2645 | D:4      | Killed a necrophage
  2645 | D:4      | Reached XP level 5. HP: 42/45 MP: 3/3
  2653 | D:4      | Noticed Menkaure
  2664 | D:4      | Killed Menkaure
  2664 | D:4      | Reached XP level 6. HP: 16/51 MP: 4/4
  2824 | D:4      | Found a staircase to the Ecumenical Temple.
  2863 | D:4      | Found a glowing drain.
  2879 | Sewer    | Entered a sewer
  2892 | Sewer    | Reached * piety under Trog
  3826 | D:4      | Reached XP level 7. HP: 33/57 MP: 5/5
  4345 | D:5      | Entered Level 5 of the Dungeon
  4688 | D:5      | Reached skill level 10 in Maces & Flails
  5273 | D:6      | Reached XP level 8. HP: 64/64 MP: 6/6
  5564 | D:6      | Got a smoking leather armour
  5683 | D:6      | Reached ** piety under Trog
  5998 | D:6      | Identified the +1 leather armour "Dabruh" {Str+4} (You
                  | found it on level 6 of the Dungeon)
  6000 | D:7      | Noticed a hippogriff
  6001 | D:7      | Noticed a hippogriff
  6019 | D:7      | Killed a hippogriff
  6029 | D:7      | Killed a hippogriff
  6271 | D:7      | Found an ancient bone altar of Kikubaaqudgha.
  6666 | D:7      | Noticed a hornet
  6686 | D:7      | Killed a hornet
  6686 | D:7      | Reached XP level 9. HP: 38/70 MP: 2/7
  7147 | D:7      | Found a basalt altar of Yredelemnul.
  7440 | D:8      | Reached skill level 5 in Fighting
  7440 | D:8      | Reached skill level 5 in Armour
  7912 | D:8      | Reached *** piety under Trog
  7961 | D:8      | Found a sparkling altar of Nemelex Xobeh.
  8012 | D:8      | Noticed an unseen horror
  8028 | D:8      | Killed an unseen horror
  8028 | D:8      | Reached XP level 10. HP: 79/86 MP: 6/8
  8065 | D:8      | Found a snail-covered altar of Cheibriados.
  8344 | D:8      | Found Goanleg's Antique Weapon Emporium.
  8349 | D:8      | Bought a bloodstained morningstar for 261 gold pieces
  8350 | D:8      | Identified the +7 morningstar of Subterfuge {vorpal, +Fly
                  | MR+ Str+2} (You bought it in a shop on level 8 of the
                  | Dungeon)
  8866 | D:9      | Found Zessuad's Distillery.
  8869 | D:9      | Bought a potion of curing for 48 gold pieces
  8869 | D:9      | Bought a potion of curing for 48 gold pieces
  8869 | D:9      | Bought a potion of haste for 160 gold pieces
  8869 | D:9      | Bought a potion of curing for 48 gold pieces
  8872 | D:9      | Noticed Maggie
  8889 | D:9      | Killed Maggie
  9269 | D:9      | Found Istaff's General Store.
  9366 | D:9      | Found Rutoadool's Gadget Boutique.
  9373 | D:9      | Found Tedwesh's Assorted Antiques.
  9459 | D:9      | Found a glowing silver altar of Zin.
  9459 | D:9      | Noticed an angel
  9622 | D:10     | Entered Level 10 of the Dungeon
  9691 | D:10     | Reached **** piety under Trog
  9774 | D:10     | Noticed a two-headed ogre
  9782 | D:10     | Killed a two-headed ogre
 10065 | D:10     | Reached skill level 10 in Fighting
 10065 | D:10     | Reached skill level 10 in Armour
 10532 | D:10     | Reached XP level 11. HP: 101/101 MP: 8/8
 10591 | D:10     | Identified Xoriq's Handbook of Execration and Protection
 10681 | D:11     | Noticed Snorg
 10695 | D:11     | Killed Snorg
 10814 | D:11     | Found a staircase to the Lair.
 10818 | D:11     | Noticed an oklob plant
 10982 | D:11     | Found a frozen archway.
 11019 | IceCv    | Entered an ice cave
 11055 | IceCv    | Noticed a white ugly thing
 11069 | IceCv    | Killed a white ugly thing
 11264 | IceCv    | Noticed a white ugly thing
 11282 | IceCv    | Killed a white ugly thing
 11284 | IceCv    | Found the +8 orange crystal plate armour {Archmagi, Int+3
                  | Clar}
 11297 | IceCv    | Got encrusted ice dragon scales
 11302 | IceCv    | Got bloodstained ice dragon scales
 11420 | IceCv    | Identified the +0 ice dragon scales "Tuvvil" {*Contam rF-
                  | rC++ Str+2 Dex+3} (You found it in an ice cave)
 11603 | D:11     | Found the +5 scythe "Finisher" {speed, eviscerate}
 11608 | D:11     | Reached ***** piety under Trog
 11767 | D:11     | Found Nachecof's Food Boutique.
 11846 | D:11     | Killed an oklob plant
 11856 | D:11     | Identified the +0 ice dragon scales of Dull Amelioration
                  | {rPois rF- rC++ Int+2} (You found it in an ice cave)
 11868 | Lair:1   | Entered Level 1 of the Lair of Beasts
 12438 | Lair:1   | Reached skill level 1 in Evocations
 12917 | Lair:1   | Reached skill level 5 in Shields
 13485 | Lair:1   | Received a gift from Trog
 13603 | Lair:2   | Reached XP level 12. HP: 113/113 MP: 11/11
 13737 | Lair:2   | Noticed Urug
 13755 | Lair:2   | Killed Urug
 14316 | Lair:3   | Reached skill level 15 in Maces & Flails
 14498 | Lair:3   | Noticed a six-headed hydra
 14509 | Lair:3   | Killed a six-headed hydra
 15129 | Lair:4   | Found a staircase to the Shoals.
 15197 | Lair:4   | Reached skill level 10 in Shields
 15587 | Lair:4   | Found a staircase to the Snake Pit.
 15658 | Lair:4   | Reached XP level 13. HP: 92/119 MP: 12/12
 15879 | Lair:4   | Noticed a dire elephant
 15899 | Lair:4   | Found a runed translucent door.
 17401 | Lair:5   | Received a gift from Trog
 17779 | Lair:6   | Entered Level 6 of the Lair of Beasts
 18027 | Lair:6   | Reached skill level 15 in Fighting
 18027 | Lair:6   | Reached skill level 15 in Armour
 18158 | Lair:6   | Reached XP level 14. HP: 135/135 MP: 13/13
 18751 | Lair:6   | Received a gift from Trog
 19073 | Lair:6   | Found a staircase to the Slime Pits.
 20220 | D:3      | Killed sfoobar's ghost
 21034 | D:12     | Found a staircase to the Orcish Mines.
 21042 | Orc:1    | Entered Level 1 of the Orcish Mines
 21042 | Orc:1    | Noticed Sonja
 21063 | Orc:1    | Noticed Erolcha
 21072 | Orc:1    | Killed Erolcha
 21094 | Orc:1    | Killed Sonja
 21094 | Orc:1    | Received a gift from Trog
 21419 | Orc:1    | Found a dark tunnel.
 21431 | Volcano  | Entered a volcano
 21543 | Volcano  | Noticed a stone giant
 21554 | Volcano  | Killed a stone giant
 22012 | Orc:2    | Entered Level 2 of the Orcish Mines
 22350 | Orc:2    | Found a staircase to the Elven Halls.
 22358 | Orc:2    | Received a gift from Trog
 22409 | Orc:2    | Got a transparent morningstar {god gift}
 22466 | Orc:1    | Identified the +12 morningstar of Skepticism {vorpal,
                  | +Blink rPois Dex+2} (Trog gifted it to you on level 2 of
                  | the Orcish Mines)
 22899 | Orc:2    | Found Abeppenad's Weapon Emporium.
 22899 | Orc:2    | Found Taupp's Antique Armour Shop.
 22901 | Orc:2    | Found Onotryph's Jewellery Boutique.
 22903 | Orc:2    | Found Jeloykku's General Store.
 22910 | Orc:2    | Bought an ichor-stained kite shield for 275 gold pieces
 22910 | Orc:2    | Bought a pair of runed gloves for 217 gold pieces
 22920 | Orc:2    | Identified the cursed +0 kite shield "Xoar" {*Contam rC+
                  | Dex+7} (You bought it in a shop on level 2 of the Orcish
                  | Mines)
 22932 | Orc:2    | Bought a cursed amulet of inaccuracy for 34 gold pieces
 22932 | Orc:2    | Bought an uncursed ring of resist corrosion for 340 gold
                  | pieces
 22932 | Orc:2    | Bought an uncursed amulet of reflection for 510 gold pieces
 23067 | Orc:2    | Found a roughly hewn altar of Beogh.
 23285 | D:12     | Identified the cursed +0 robe of the Shoals {Int+2}
 23696 | D:13     | Reached XP level 15. HP: 117/147 MP: 14/14
 23918 | D:13     | Noticed Azrael
 23925 | D:13     | Reached ****** piety under Trog
 23936 | D:13     | Killed Azrael
 23941 | D:13     | Received a gift from Trog
 24149 | D:13     | Found a gate to the Vaults.
 24284 | D:13     | Noticed Jorgrun
 24294 | D:13     | Killed Jorgrun
 25556 | D:15     | Entered Level 15 of the Dungeon
 25751 | D:15     | Found a staircase to the Depths.
 25967 | D:15     | Found a sacrificial altar of Ru.
 26040 | D:15     | Found a shimmering altar of Xom.
 26209 | D:15     | Received a gift from Trog
 26535 | Shoals:1 | Entered Level 1 of the Shoals
 26535 | Shoals:1 | Found Feponaxe's Distillery.
 26548 | Shoals:1 | Bought a potion of haste for 160 gold pieces
 26548 | Shoals:1 | Bought a potion of haste for 160 gold pieces
 26548 | Shoals:1 | Bought a potion of heal wounds for 80 gold pieces
 26548 | Shoals:1 | Bought a potion of curing for 48 gold pieces
 26548 | Shoals:1 | Bought a potion of curing for 48 gold pieces
 26548 | Shoals:1 | Bought 2 potions of cancellation for 256 gold pieces
 26548 | Shoals:1 | Bought a potion of resistance for 160 gold pieces
 26646 | Shoals:1 | Identified Roxanne's Catalogue of Stones
 26646 | Shoals:1 | Noticed Roxanne
 27019 | Shoals:1 | Found Odibecw's Antique Armour Shoppe.
 27033 | Shoals:1 | Noticed Louise
 27067 | Shoals:1 | Killed Louise
 27193 | Shoals:1 | Found Gass's Magic Scroll Boutique.
 27218 | Shoals:1 | Bought a scroll of fear for 52 gold pieces
 27218 | Shoals:1 | Bought a scroll of enchant armour for 112 gold pieces
 27218 | Shoals:1 | Bought a scroll of teleportation for 45 gold pieces
 27218 | Shoals:1 | Bought a scroll of torment for 112 gold pieces
 27290 | Shoals:1 | Found Hest's Weapon Boutique.
 27529 | Shoals:1 | Found Quddyll's Weapon Boutique.
 27671 | Shoals:2 | Reached skill level 5 in Evocations
 27750 | Shoals:2 | Noticed Ilsuiw
 27768 | Shoals:2 | Killed Ilsuiw
 27768 | Shoals:2 | Reached XP level 16. HP: 159/159 MP: 15/17
 28734 | Shoals:3 | Found Furche's Fabulous Fripperies.
 28780 | Shoals:3 | Noticed Polyphemus
 28799 | Shoals:3 | Killed Polyphemus
 28851 | Shoals:3 | HP: 6/159 [drowned by a water nymph (9)]
 28959 | Shoals:3 | Identified the +1 leather armour of Ygip {*Drain Str+4
                  | Int+3}
 28989 | Shoals:3 | Received a gift from Trog
 29004 | Shoals:3 | Found Zemej's Gadget Emporium.
 29424 | Shoals:3 | Bought a scroll of fog for 38 gold pieces
 30200 | Shoals:1 | Killed Roxanne
 30217 | Shoals:1 | Identified a scroll of acquirement
 30217 | Shoals:1 | Acquired a +1 hat
 30294 | Snake:1  | Entered Level 1 of the Snake Pit
 30514 | Snake:1  | Received a gift from Trog
 31098 | Snake:1  | Reached XP level 17. HP: 170/170 MP: 19/19
 31661 | Snake:2  | Received a gift from Trog
 31882 | Snake:2  | Found Zaqeo's Weapon Shop.
 32531 | Snake:3  | Noticed Nikola
 32565 | Snake:3  | Killed Nikola
 32565 | Snake:3  | Noticed Saint Roka
 33314 | Snake:3  | Killed Saint Roka
 34012 | Depths:1 | Entered Level 1 of the Depths
 34208 | Depths:1 | Found Utsoryesh's Demolitions Depot.
 34278 | Depths:1 | Found a gateway to Hell.
 34291 | Depths:1 | Found a shattered altar of Ashenzari.
 34345 | Depths:1 | Received a gift from Trog
 34354 | Depths:1 | Reached XP level 18. HP: 160/182 MP: 19/19
 34558 | Depths:1 | Noticed a lich
 34750 | Depths:1 | Found a runed door.
 34824 | Depths:1 | Noticed Mara
 34825 | Depths:1 | Noticed Curus's illusion
 34918 | Depths:1 | Killed Mara
 35779 | Depths:2 | Found a gateway to a ziggurat.
 35828 | Depths:2 | Received a gift from Trog
 36596 | Depths:2 | Found a transporter.
 36779 | Depths:2 | Noticed a juggernaut
 36992 | Depths:2 | Found a large runed translucent door.
 36992 | Depths:2 | Found a large runed translucent door.
 36994 | Depths:2 | Noticed Saltbearer's ghost (veteran SpVM)
 37533 | Depths:3 | Received a gift from Trog
 37562 | Depths:3 | Reached XP level 19. HP: 169/195 MP: 20/20
 37747 | Depths:3 | Noticed a juggernaut
 37772 | Depths:3 | Killed a juggernaut
 38125 | Depths:3 | Identified the Guide on Entrancing Transformation
 38642 | Depths:3 | Found a runed translucent door.
 38650 | Depths:3 | Noticed a juggernaut
 38757 | Depths:3 | Noticed a golden dragon
 39184 | Depths:3 | Noticed a juggernaut
 39184 | Depths:3 | Identified the +2 short sword of Truncation {antimagic,
                  | +Rage rC+ Stlth+}
 39185 | Depths:3 | Identified the +3 rapier "Pifuse" {flame, Int+2 Dex+4}
 39188 | Depths:3 | Identified the +4 morningstar of Amortisation {pain, MR+
                  | MP-9 Int+4}
 39521 | Depths:4 | Found a one-way gate to the infinite horrors of the Abyss.
 39569 | Depths:4 | Found Qieson's Weapon Boutique.
 40012 | Depths:4 | Noticed a lich
 40023 | Depths:4 | Killed a lich
 40346 | Depths:4 | Noticed Sojobo
 41008 | Shoals:4 | Entered Level 4 of the Shoals
 41050 | Shoals:4 | Received a gift from Trog
 41248 | Shoals:4 | Got a smoking tin ring
 41250 | Shoals:4 | Identified the ring of Qawapn {*Contam +Blink rF++ rC+
                  | Stlth+} (You found it on level 4 of the Shoals)
 41483 | Shoals:4 | Got a barnacled rune of Zot
 42223 | Snake:4  | Entered Level 4 of the Snake Pit
 42237 | Snake:4  | Reached XP level 20. HP: 206/206 MP: 21/21
 42729 | Snake:4  | Reached skill level 15 in Shields
 43000 | Snake:4  | Received a gift from Trog
 43040 | Snake:4  | HP: 15/310 [poisoned by a nagaraja (splash of poison)]
 44528 | Snake:4  | Got a serpentine rune of Zot
 45083 | Snake:4  | Received a gift from Trog
 45391 | Vaults:1 | Entered Level 1 of the Vaults
 45394 | Vaults:1 | Found a huge runed gate.
 45394 | Vaults:1 | Found a huge runed gate.
 45394 | Vaults:1 | Found a huge runed gate.
 45394 | Vaults:1 | Found a huge runed gate.
 45394 | Vaults:1 | Found a huge runed gate.
 45394 | Vaults:1 | Found a huge runed gate.
 45395 | Vaults:1 | Found a huge runed gate.
 45395 | Vaults:1 | Found a huge runed gate.
 45396 | Vaults:1 | Found a huge runed gate.
 45398 | Vaults:1 | Found a huge runed gate.
 45398 | Vaults:1 | Found a huge runed gate.
 45398 | Vaults:1 | Found a huge runed gate.
 45398 | Vaults:1 | Found a huge runed gate.
 45398 | Vaults:1 | Found a huge runed gate.
 45398 | Vaults:1 | Found a huge runed gate.
 45398 | Vaults:1 | Found a huge runed gate.
 45399 | Vaults:1 | Found a huge runed gate.
 45400 | Vaults:1 | Found a huge runed gate.
 45408 | Vaults:1 | Found a huge runed gate.
 45408 | Vaults:1 | Found a huge runed gate.
 45408 | Vaults:1 | Found a huge runed gate.
 45408 | Vaults:1 | Found a huge runed gate.
 45408 | Vaults:1 | Found a huge runed gate.
 45408 | Vaults:1 | Found a huge runed gate.
 45408 | Vaults:1 | Found a huge runed gate.
 45409 | Vaults:1 | Found a huge runed gate.
 45411 | Vaults:1 | Found a huge runed gate.
 45411 | Vaults:1 | Gained mutation: Your body sometimes deteriorates upon
                  | taking damage. [mutagenic glow]
 45419 | Vaults:1 | Found a huge runed gate.
 45419 | Vaults:1 | Found a huge runed gate.
 45419 | Vaults:1 | Found a huge runed gate.
 45419 | Vaults:1 | Found a huge runed gate.
 45419 | Vaults:1 | Found a huge runed gate.
 45419 | Vaults:1 | Found a huge runed gate.
 45419 | Vaults:1 | Found a huge runed gate.
 46189 | Vaults:1 | Found a huge runed gate.
 46190 | Vaults:1 | Found a huge runed gate.
 46950 | Vaults:2 | Received a gift from Trog
 47295 | Vaults:2 | You fall into a shaft and drop 1 floor!
 47309 | Vaults:3 | Reached XP level 21. HP: 217/217 MP: 22/22
 48193 | Vaults:2 | Received a gift from Trog
 49600 | Vaults:3 | Noticed Xtahua
 49616 | Vaults:3 | Killed Xtahua
 49730 | Vaults:3 | Found Tidawe's Food Shop.
 50296 | Vaults:3 | Received a gift from Trog
 50401 | Vaults:3 | Found a staircase to the Crypt.
 50542 | Vaults:3 | Reached XP level 22. HP: 231/231 MP: 23/23
 51090 | Vaults:4 | Found Ytoorri's Antique Weapon Shop.
 51245 | Vaults:4 | Received a gift from Trog
 51719 | Vaults:4 | Reached skill level 27 in Fighting
 51726 | Vaults:4 | Found a flickering gateway to a bazaar.
 51734 | Bazaar   | Entered a bazaar
 51736 | Bazaar   | Found Imaf's Antique Weapon Boutique.
 51740 | Bazaar   | Found Liomod's Antique Armour Boutique.
 51740 | Bazaar   | Found Iwuit's Antique Weapon Boutique.
 51741 | Bazaar   | Found Honag's Book Boutique.
 51761 | Bazaar   | Bought the +2 shield of Resistance {rF+ rC+ MR+} for 1315
                  | gold pieces
 51761 | Bazaar   | Found the +2 shield of Resistance {rF+ rC+ MR+}
 51779 | Vaults:4 | Gained mutation: You have large cloven feet. [mutagenic
                  | glow]
 51824 | Vaults:4 | Reached skill level 27 in Armour
 51827 | Vaults:4 | Reached skill level 1 in Dodging
 52064 | Vaults:4 | Found Safotor's Distillery.
 52070 | Vaults:4 | Bought a potion of heal wounds for 120 gold pieces
 52070 | Vaults:4 | Bought a potion of curing for 72 gold pieces
 52070 | Vaults:4 | Bought a potion of might for 96 gold pieces
 52401 | Vaults:4 | Reached skill level 5 in Dodging
 53402 | Depths:1 | Received a gift from Trog
 53500 | Depths:1 | Identified the amulet of Yhasic {rPois Regen+ Int+5 Stlth+}
 53503 | Depths:1 | Noticed an ancient lich
 53520 | Depths:1 | Killed an ancient lich
 53840 | Depths:1 | Acquired a manual of Shields
 53916 | Depths:2 | Found a transporter.
 53916 | Depths:2 | Found a runed translucent door.
 53916 | Depths:2 | Found a bloodstained altar of Trog.
 53917 | Depths:2 | Found the cursed necklace of Bloodlust {*Rage +Rage MR++
                  | Int-3 Slay+6 *Curse}
 53939 | Depths:2 | Annihilated by a juggernaut

Illustrated notes

Levels and vault maps discovered:
D:1:      heliophobic_arrival_enchanted_forest, layout_basic
D:2:      minmay_angry_zag, layout_loops_corners, first_ration,
          minmay_tree_intersection, minmay_rat_gold_closets
D:3:      layout_basic, marbit_many_paths, elyvilon_altar_5, bloody_trog,
          ebering_ghost_sewer_d
D:4:      layout_loops_ring, minmay_temple_entry_wispy,
          cheibrodos_sewer_entry_drain, minmay_manual_mares, uniq_menkaure
D:5:      layout_gridville
D:6:      layout_gridville
D:7:      layout_rooms, kiku_gazebo_garden_becter, yredelemnul_altar_generic
D:8:      layout_loops_ring, kennysheep_little_box,
          nemelex_xobeh_ov_fountains_minmay, serial_shops, shop, grunt_pizzeria
D:9:      layout_long_grid, zin_angel, serial_shops, shop, kennysheep_mini_moat,
          nicolae_shop_crystal, shop, minmay_curled_crystal,
          kennysheep_just_a_vault, uniq_maggie
D:10:     layout_basic
D:11:     layout_loops_ring, dpeg_oklobed_lair, serial_shops, shop_fountains,
          portal_ice_cave_entry_imps, minmay_guarded_unrand_finisher, uniq_snorg
D:12:     layout_stronghold, hiddenorc2_lemuel
D:13:     layout_roguey, erik_vaults_2, st_stairs_7, minmay_unpleasant_kobolds,
          uniq_azrael, uniq_jorgrun
D:14:     layout_basic
D:15:     hangedman_depths_entry_try_elsewhere_first, layout_loops_cross,
          grunt_decor_mini_mirrors, basic_altar, xom_teletrap_fun
Lair:1:   layout_long_grid, roderic_batcave, disabler_island,
          infiniplex_staircase_pool, serial_bayou_shore_b
Lair:2:   layout_concentric_octagons, infiniplex_staircase_pool_2,
          grunt_megastairs_1, uniq_urug
Lair:3:   layout_roguey, chequers_serial_rivers_small_a
Lair:4:   gammafunk_lair_enchanted_lake, layout_gridlike,
          minmay_shoals_entry_beasts, minmay_snake_entry_six_corridors,
          serial_bayou_shore_a, lemuel_fruit_fields
Lair:5:   layout_cellular_growth, nzn_random_ring
Lair:6:   minmay_lair_end_enchanted_forest, layout_big_grid,
          minmay_slime_entry_oklob_open
Shoals:1: layout_shoals, serial_shops, shop_statue, shop, shop, shop,
          shop_statue, abandoned_shop, nicolae_shoals_cliffside_cave,
          yaktaur_hedge, uniq_louise, uniq_roxanne
Shoals:2: layout_shoals, kb_tengu_band, uniq_ilsuiw
Shoals:3: layout_shoals, serial_shops, shop, nicolae_alphabet_shops,
          hangedman_shoals_cup_caves, uniq_polyphemus
Shoals:4: shoals_end_grunt_ice, layout_shoals, nicolae_shoals_wave_tunnel
Snake:1:  kennysheep_six_static_rooms, layout_basic, grunt_ministairs_1,
          minmay_snake_pond
Snake:2:  layout_layer_cave, serial_shops, shop
Snake:3:  layout_basic, grunt_megastairs_4, uniq_saint_roka, uniq_nikola
Snake:4:  johnstein_snake_rune_scales, layout_layer_cave, grunt_megastairs_3
Orc:1:    layout_caves, nicolae_volcano_entry_hallway, uniq_sonja, uniq_erolcha
Orc:2:    st_orc_rangers, layout_caves, kennysheep_orc_chapel
Vaults:1: ontoclasm_vaults_decontamination, v_misc_11, vaults_door_vault,
          v_misc_22, hangedman_vaults_nodes, v_misc_17, vaults_room_hallway,
          serial_ice_m, vaults_room_large_hall, hangedman_vaults_variations,
          hangedman_vaults_capsules, nicolae_vaults_yaktaur_gun_rack,
          ontoclasm_vaults_chip, nicolae_vaults_theta, layout_vaults_ring
Vaults:2: v_misc_26, nicolae_vaults_circle_grid_b, v_alt_pattern_5, v_misc_33,
          hangedman_vaults_river_flow, vaults_room_stairs_pillars,
          ontoclasm_vaults_idyll, nicolae_vaults_little_squares_6,
          nicolae_vaults_network_periphery, layout_vaults_chaotic_city
Vaults:3: minmay_crypt_entry_simple_statues, nicolae_vaults_minivaults,
          nicolae_vaults_big_ls, v_alt_pattern_2, v_alt_pattern_1,
          nicolae_vaults_ring_of_whatevers, ontoclasm_vaults_eye,
          nicolae_vaults_ring_of_whatevers, v_rooms_6, vaults_room_semicircle,
          nicolae_vaults_ring_of_whatevers, vaults_mumra_hexcomb,
          layout_vaults_omnigrid, serial_shops, shop, uniq_xtahua
Vaults:4: nicolae_vaults_network_quincunx
          [nicolae_vaults_network_quincunx_subvault,
          nicolae_vaults_network_quincunx_subvault,
          nicolae_vaults_network_quincunx_subvault,
          nicolae_vaults_network_quincunx_subvault,
          nicolae_vaults_network_quincunx_subvault], vaults_dpeg_ring,
          dpeg_vaults_waves, ontoclasm_vaults_misaligned,
          hangedman_vaults_stagger, v_misc_5, ontoclasm_vaults_gateway,
          grunt_vaults_twisty, nicolae_vaults_diagonal_hallway_6,
          dpeg_vaults_monster_box, layout_vaults_omnicross, serial_shops,
          bzr_entry_safe, shop, nicolae_shop_statue_plus
Depths:1: evilmike_wizard_prison, layout_basic, hell_entry,
          roderic_lattice_octagonal_star, nicolae_blasting_shop,
          evilmike_ruin_ashenzari, uniq_mara
Depths:2: emtedronai_trogs_sanctum, layout_basic, enter_ziggurat_c,
          ebering_ghost_disaster_area, grunt_hell_entry_dis_mu, fountainhead,
          infiniplex_staircase_hallway_doors
Depths:3: box_level_dp, hell_entry, pan_entry
Depths:4: minmay_the_grid_four_pointed_star_mashed
          [minmay_the_grid_triangle_9x9_subtriangle,
          minmay_the_grid_triangle_9x9_limited_checkers,
          minmay_the_grid_triangle_9x9_steps,
          minmay_the_grid_triangle_9x9_odd_lines,
          minmay_the_grid_prize_inner_circle], layout_gridlike,
          grunt_pan_entry_sceptre, abyss_entry, serial_glass, glass_columns_a,
          glass_columns_c, glass_columns_a, glass_columns_b, glass_columns_a,
          glass_columns_c, glass_columns_b, glass_columns_b, glass_columns_a,
          glass_columns_a, minmay_misc_feat_ornament, serial_shops,
          nicolae_shop_temple_entry_statues_fountains, hell_entry,
          nrook_mini_vaults, nrook_kobold_shadow_demons, uniq_sojobo

Skill      XL: |  1  2  3  4  5  6  7  8  9 10 11 12 13 14 15 16 17 18 19 20 21 22 |
---------------+-------------------------------------------------------------------+-----
Maces & Flails | 3 4 5 7 8 9 11 13 14 16 17 | 17.2
Fighting       | 7 10 12 15 17 18 19 21 23 24 25 26 27 | 27.0
Armour         | 7 10 12 15 17 18 19 21 23 24 25 26 27 | 27.0
Shields        | 5 10 11 12 14 15 | 15.0
Evocations     | 2 3 5 7 |  7.0
Dodging        | 9 |  9.9

Action                   |  1- 3 |  4- 6 |  7- 9 | 10-12 | 13-15 | 16-18 | 19-21 | 22-24 || total
-------------------------+-------+-------+-------+-------+-------+-------+-------+-------++-------
Melee: Flail             |   129 |   144 |   266 |    10 |       |       |       |       ||   549
       Headbutt          |    15 |    25 |    58 |   118 |   406 |   600 |   828 |   196 ||  2246
       Morningstar       |       |       |       |   384 |   131 |   777 |   513 |       ||  1805
       Eveningstar       |       |       |       |   228 |  1381 |    71 |    12 |       ||  1692
       Demon whip        |       |       |       |       |       |   665 |  1478 |   498 ||  2641
Invok: Berserk           |       |       |     5 |     2 |     4 |     7 |     6 |     4 ||    28
       Trog's Hand       |       |       |       |     1 |     2 |     3 |     1 |       ||     7
       Brothers in Arms  |       |       |       |       |     2 |       |     1 |       ||     3
 Abil: Evoke Flight      |       |       |       |       |     1 |     9 |     5 |       ||    15
       Stop Flying       |       |       |       |       |       |       |     1 |       ||     1
Evoke: Wand              |       |       |       |     2 |     8 |     3 |     2 |     1 ||    16
  Use: Scroll            |     5 |     2 |     6 |     9 |     5 |     9 |     8 |     2 ||    46
       Potion            |     7 |     4 |     2 |     1 |     4 |     4 |     1 |     1 ||    24
  Eat: Chunk             |     4 |     5 |    15 |    17 |    35 |    26 |    26 |    10 ||   138
       Ration            |       |       |     1 |     3 |     3 |     5 |     7 |     1 ||    20
Armor: Scale mail        |    30 |       |       |       |       |       |       |       ||    30
       Plate armour      |    22 |    77 |   162 |   116 |       |       |       |       ||   377
       Ice dragon scales |       |       |       |   147 |   260 |       |       |       ||   407
       Crystal plate arm |       |       |       |       |   606 |   804 |   747 |   167 ||  2324
       Storm dragon scal |       |       |       |       |       |       |   151 |       ||   151
Dodge: Dodged            |    20 |    19 |    38 |   113 |   293 |   170 |   269 |    95 ||  1017
Block: Kite shield       |    69 |    87 |   150 |   293 |  1012 |  1045 |  1475 |   313 ||  4444
       Reflection        |       |       |       |       |     2 |    88 |   142 |    18 ||   250
